Map: [ESL] Babylon

Players

Scarlett

  • Race: Zerg Zerg
  • Spawn Location: 11:00

Bunny - Winner!

  • Race: Terran Terran
  • Spawn Location: 5:00

Event: ESL SC2 Masters 2023 Summer (Finals)

VOD

Have the link to the VOD?

Description

Time

  • Played on: June 16, 2023, 6:17 a.m.
  • Length: 10:24

All games in this series

Show
View Real Time Build Order
Export as new Build Order

Scarlett Zerg 

Build Orders: Hatch First 

Get SALT Encoding   

  12  0:00  Drone  
  13  0:08  Drone  
  14  0:14  Extractor  
  14  0:15  Drone  
  15  0:37  Hatchery  
  15  0:42  Extractor  
  13  0:43  Drone  
  13  0:49  Overlord  
  15  1:03  Spawning Pool  
  14  1:07  Drone  
  16  1:11  Drone  
  16  1:14  Drone  
  17  1:20  Drone  
  17  1:21  Extractor  
  17  1:34  Drone  
  17  1:39  Drone  
  19  1:50  Queen x2  
  19  1:53  Drone  
  24  1:55  Zergling x2  
  25  2:01  Drone  
  25  2:05  Overlord  
  26  2:11  Drone  
  26  2:13  Drone  
  28  2:21  Roach Warren  
  27  2:24  Drone  
  27  2:27  Drone  
  29  2:34  Drone  
  30  2:37  Overlord  
  30  2:48  Overlord  
  30  3:03  Roach x6  
  42  3:08  Roach  
  44  3:14  Drone  
  44  3:18  Drone  
  46  3:24  Drone  
  47  3:27  Drone  
  47  3:28  Hatchery  
  47  3:36  Drone x2  
  47  3:40  Overlord  
  49  3:41  Drone  
  49  3:42  Drone  
  49  3:43  Drone  
  52  3:50  Overlord  
  47  4:10  Queen x2  
  47  4:14  Roach  
  47  4:15  Roach x5  
  47  4:16  Drone  
  54  4:31  Drone x4  
  58  4:37  Drone x2  
  60  4:41  Drone  
  61  4:46  Drone  
  61  4:50  Drone x6  
  61  4:51  Queen  
  72  4:54  Lair  
  72  4:59  Overlord x2  
  70  5:06  Overlord  
  70  5:12  Extractor  
  70  5:13  Extractor  
  68  5:15  Overlord  
  68  5:16  Overlord  
  68  5:17  Queen  
  68  5:18  Drone x3  
  73  5:23  Drone x6  
  78  5:32  Drone x3  
  81  5:38  Spore Crawler  
  81  5:41  Evolution Chamber  
  81  5:42  Evolution Chamber  
  78  5:43  Drone x3  
  81  5:51  Glial Reconstitution  
  81  5:55  Drone x6  
  81  5:56  Drone x3  
  90  5:59  Drone  
  90  6:01  Extractor  
  90  6:02  Hatchery  
  89  6:04  Extractor x2  
  89  6:09  Zerg Missile Weapons Level 1  
  89  6:10  Zerg Ground Armor Level 1  
  87  6:11  Drone  
  87  6:12  Drone x3  
  91  6:21  Overseer  
  91  6:23  Spore Crawler  
  82  6:26  Drone x9  
  87  6:38  Drone x7  
  88  6:49  Drone x4  
  92  6:54  Drone x4  
  96  7:01  Queen  
  96  7:04  Roach x2  
  96  7:07  Roach  
  104  7:16  Drone x4, Spore Crawler  
  104  7:20  Roach  
  104  7:21  Roach  
  111  7:32  Overlord x5  
  109  7:37  Roach  
  109  7:41  Overlord x2  
  109  7:42  Ravager  
  111  7:47  Ravager  
  110  7:51  Roach x10  
  110  7:52  Ravager x2  
  130  7:59  Roach x5, Overseer  
  130  8:04  Roach x2  
  144  8:12  Roach x6  
  133  8:20  Roach  
  133  8:21  Roach x4  
  140  8:28  Drone  
  140  8:29  Drone x5  
  144  8:35  Ravager x2  
  144  8:40  Infestation Pit  
  144  8:41  Drone x7, Baneling Nest  
  151  8:44  Extractor  
  150  8:49  Drone x4  
  150  8:51  Extractor  
  153  9:02  Metabolic Boost  
  153  9:03  Zergling x14  
  153  9:08  Roach  
  162  9:12  Roach x3  
  168  9:20  Overlord x6  
  168  9:23  Overlord x3  
  159  9:41  Roach x4  
  159  9:45  Roach x6, Hatchery  
  148  9:53  Roach  
  148  9:55  Roach x2  
  144  10:00  Ravager  
  144  10:06  Extractor  
Show
View Real Time Build Order
Export as new Build Order

Bunny Terran - Winner!

Build Orders: Reaper Expand, Hellion Banshee 

Get SALT Encoding   

  12  0:00  SCV  
  13  0:12  SCV  
  14  0:17  Supply Depot  
  14  0:24  SCV  
  15  0:38  SCV  
  15  0:41  Barracks  
  16  0:43  Refinery  
  16  0:50  SCV  
  17  1:02  SCV  
  18  1:14  SCV  
  19  1:27  Orbital Command  
  19  1:28  Reaper  
  20  1:39  Command Center  
  20  1:47  Supply Depot  
  20  1:52  SCV  
  21  1:59  Marine  
  22  2:04  SCV  
  22  2:07  Factory  
  23  2:15  Refinery  
  23  2:17  SCV  
  23  2:20  Barracks Reactor  
  24  2:29  SCV  
  25  2:41  SCV  
  26  2:51  Orbital Command  
  26  2:52  Starport  
  26  2:53  SCV  
  27  3:00  Hellion x2  
  27  3:05  SCV  
  32  3:07  Barracks Tech Lab  
  32  3:21  Bunker, Hellion  
  32  3:22  Hellion  
  32  3:26  Marauder  
  32  3:27  Concussive Shells  
  40  3:28  Viking  
  40  3:32  Supply Depot  
  40  3:34  SCV  
  40  3:35  SCV  
  42  3:43  Hellion  
  42  3:44  Hellion  
  46  3:54  Marauder  
  48  3:56  SCV x2  
  48  3:57  Supply Depot  
  47  4:14  SCV x2  
  45  4:22  Command Center  
  45  4:26  Banshee  
  48  4:32  Cloaking Field  
  48  4:33  SCV x2  
  48  4:39  Supply Depot  
  48  4:42  Barracks Tech Lab  
  48  4:46  SCV x2  
  49  4:53  Barracks  
  49  4:58  Barracks  
  49  4:59  SCV x2  
  51  5:02  Stimpack  
  51  5:03  Marine  
  51  5:05  Factory Reactor  
  52  5:09  Banshee  
  52  5:13  SCV  
  52  5:14  SCV  
  57  5:22  Engineering Bay x2  
  57  5:25  SCV  
  57  5:26  SCV  
  59  5:36  Orbital Command  
  59  5:38  SCV x2  
  59  5:39  Refinery x2  
  59  5:42  Marine x3  
  63  5:49  Supply Depot  
  64  5:52  SCV x2  
  66  5:58  Siege Tank  
  66  5:59  Terran Infantry Weapons Level 1  
  66  6:00  Orbital Command  
  66  6:03  Starport Reactor  
  69  6:06  SCV x2  
  69  6:08  Terran Infantry Armor Level 1  
  71  6:16  Marine x4  
  75  6:18  Barracks  
  75  6:19  Barracks, Marine  
  75  6:23  SCV x2  
  76  6:34  Siege Tank  
  76  6:40  Supply Depot  
  76  6:41  Medivac  
  76  6:42  Medivac, Supply Depot  
  80  6:47  SCV x2  
  80  6:48  SCV, Marine x5  
  80  6:52  Combat Shield  
  88  6:59  SCV x2  
  88  7:00  SCV  
  91  7:04  Supply Depot  
  91  7:06  Marine x3, Siege Tank  
  91  7:08  Barracks Reactor x2  
  97  7:11  SCV x2  
  97  7:12  SCV  
  100  7:16  Medivac  
  100  7:22  Marine x2  
  103  7:23  Medivac  
  103  7:24  Marine x3  
  103  7:26  SCV x3  
  103  7:28  Supply Depot  
  112  7:40  Marine x2  
  112  7:41  Marine  
  112  7:42  Marine x2  
  115  7:45  Marine x2  
  115  7:49  Marine  
  115  7:50  Supply Depot x2  
  115  7:55  Siege Tank  
  115  7:58  Marine x2  
  120  7:59  Marine, Medivac  
  120  8:00  Marine x3, Medivac  
  120  8:03  SCV x2, Marine x2  
  119  8:14  Marine  
  119  8:15  Marine  
  119  8:16  Marine  
  119  8:17  Marine x3  
  119  8:18  Marine  
  119  8:21  Marine x2  
  119  8:28  Siege Tank  
  119  8:29  Medivac  
  119  8:32  Marine  
  119  8:33  Marine, Medivac  
  130  8:34  Marauder  
  130  8:35  Marine x4  
  130  8:36  Refinery  
  130  8:39  Marine  
  135  8:41  Marine  
  136  8:49  Marine  
  136  8:51  Marine  
  136  8:53  Marine x3  
  143  8:55  Marauder  
  143  8:57  Marine x2  
  143  8:59  Marine  
  143  9:00  Siege Tank  
  149  9:08  Barracks  
  149  9:09  Barracks, Supply Depot x3  
  149  9:11  Barracks  
  149  9:13  Marine  
  149  9:14  Marine  
  149  9:15  Marine  
  149  9:21  Marine  
  149  9:22  Marine x2  
  149  9:30  Marine x2, Marauder  
  149  9:31  Marine  
  154  9:32  Siege Tank  
  154  9:35  Marine x2  
  155  9:39  Marine  
  155  9:40  Marine x2  
  155  9:44  Command Center  
  155  9:45  Medivac  
  153  9:47  Medivac  
  153  9:48  Marine  
  153  9:49  SCV x3  
  153  9:52  Marauder  
  151  9:56  Marine x4  
  151  9:57  Marine  
  151  9:58  Marine x2  
  158  10:05  Marine  
Tags
 
Add a new tag
Caveats
  • Supply blocks, unpowered buildings, or Contaminate may cause inaccurate times.
  • Supply counts are checked every 10 seconds.